 Dungeon Crawl Stone Soup version 0.29.1-1-gd02db6906a (webtiles) character file.

Game seed: 7982285126853927691

1572 wingedge the Conjurer (level 8, -20/63 HPs)
             Began as a Demigod Ice Elementalist on Oct 7, 2022.
             Killed by an exploding adder (27 damage)
             ... ignited by their inner flame
             ... on level 5 of the Dungeon.
             The game lasted 00:19:05 (5050 turns).

wingedge the Conjurer (Demigod Ice Elementalist)    Turns: 5050, Time: 00:19:06

Health: -20/63     AC: 14    Str: 15    XL:     8   Next: 33%
Magic:  2/17       EV: 11    Int: 25    God:
Gold:   146        SH:  0    Dex: 14    Spells: 2/15 levels left

rFire   . . .      SeeInvis .   a - +1 short sword (venom)
rCold   . . .      Faith    .   (no shield)
rNeg    . . .      Spirit   .   m - +0 swamp dragon scales
rPois   +          Reflect  .   c - +1 helmet
rElec   .          Harm     .   (no cloak)
rCorr   .          Rampage  .   (no gloves)
Will    .....                   t - +0 pair of boots
Stlth   +.........              u - amulet of the acrobat
HPRegen 0.20/turn               o - +4 ring of protection
MPRegen 0.15/turn               x - +6 ring of strength

@: weakened
A: high MP 1, forlorn, divine attributes
a: no special abilities


You were on level 5 of the Dungeon.
You visited 1 branch of the dungeon, and saw 7 of its levels.

You collected 146 gold pieces.

Inventory:

Hand Weapons
 a - a +1 short sword of venom (weapon)
 b - a +0 rapier
 h - a +2 flail of holy wrath
Missiles
 g - 14 poisoned darts
 p - 5 javelins (quivered)
Armour
 c - a +1 helmet (worn)
 m - +0 swamp dragon scales (worn)
 t - a +0 pair of boots (worn)
Jewellery
 i - an amulet of regeneration
 o - a +4 ring of protection (left hand)
 u - an amulet of the acrobat (around neck)
 x - a +6 ring of strength (right hand)
Wands
 n - a wand of flame (9)
Scrolls
 e - a scroll of immolation
 f - a scroll of blinking
 j - a scroll of teleportation {unknown}
 l - a scroll of magic mapping {unknown}
 q - 2 scrolls of summoning {unknown}
 y - a scroll of amnesia {unknown}
Potions
 d - 3 potions of curing
 k - 2 potions of invisibility {unknown}
 r - a potion of haste {unknown}
 s - 2 potions of heal wounds
 v - a potion of attraction {unknown}
 w - a potion of mutation


   Skills:
 - Level 3.0 Fighting
 - Level 1.0 Throwing
 - Level 1.0 Armour
 - Level 2.0 Dodging
 - Level 2.0 Stealth
 - Level 4.0 Spellcasting
 + Level 6.4 Conjurations
 - Level 1.0 Hexes
 - Level 6.0 Ice Magic


You had 2 spell levels left.
You knew the following spells:

 Your Spells              Type           Power      Damage    Failure   Level
a - Freeze                Ice            100%       1d11      1%          1
b - Ozocubu's Armour      Ice            35%        N/A       4%          3
c - Frozen Ramparts       Ice            70%        1d11      4%          3
d - Searing Ray           Conj           74%        2d7       1%          2
e - Hailstorm             Conj/Ice       36%        3d9       14%         4

Your spell library contained the following spells:

 Spells                   Type           Power      Damage    Failure   Level
 Magic Dart               Conj           100%       1d8       1%          1
 Conjure Flame            Conj/Fire      21%        6-21      14%         3
 Fulminant Prism          Conj/Hex       11%        3d9       36%         4
 Sticky Flame             Conj/Fire      21%        2d4       43%         4
 Ignite Poison            Fire/Tmut/Pois 5%         N/A       47%         3


Dungeon Overview and Level Annotations

Branches:
Dungeon (7/15)             Temple (0/1) D:6


Innate Abilities, Weirdness & Mutations

You have an increased reservoir of magic. (+10% MP)
You shall have no god before yourself.
Your divine heritage dramatically boosts your attributes as you level up.


Message History

The orc wizard flickers and vanishes!
The gnoll bouda gazes fiercely through you!
You feel as though you will be weak longer.
The gnoll hits you but does no damage.
Unknown command.
Blink to where?
Press: ? - help, Dir - move target Your icy armour will break if you move.
Continue?
Okay, then.
Blink to where?
Press: ? - help, Dir - move target, f - you
Okay, then.
Okay, then.
Okay, then.
Okay, then.
Really read the scroll of immolation?
As you read the scroll of immolation, it crumbles to dust.
The creatures around you are filled with an inner flame!
Flame seeps out of the gnoll bouda.
The adder barely misses you.
The orc wizard mumbles some strange words.
The orc wizard flickers and vanishes!
The gnoll barely misses you. The yak gores you!
The necrophage barely misses you.
The gnoll bouda is engulfed in blazing flames.
The gnoll bouda explodes!
The fiery explosion engulfs something!!
Reactivating autopickup.
You feel a bit more experienced.
The fiery explosion engulfs the adder!!
The fiery explosion engulfs the necrophage!
Flame seeps out of the necrophage.
The necrophage is severely damaged.
The fiery explosion engulfs the yak!!!
Flame seeps out of the yak.
The yak is almost dead.
The fiery explosion engulfs you!
* * * LOW HITPOINT WARNING * * *
The adder explodes!
The fiery explosion engulfs the orc!
The fiery explosion engulfs something!!
You feel a bit more experienced.
The fiery explosion engulfs the orc!!
The fiery explosion engulfs the yak!!
The fiery explosion engulfs you!!
Your icy armour melts away.
You die...

n. #.#
....#..#.... ...
#.. #..#.......
#.##..
###..........
..#..####.....!#
.. ..............#
...##.....##†...##
#.......)§§#g..##
.......Y§§○ng.##
........§§@#..#
........oY##..#
....o...o.....#
.....{..))....#
.###..#†>.....#
##.#.#....##
##..##..## ##. ..#
.. >.#


You could see 2 yaks, a necrophage (inner flame), 2 gnolls and 3 orcs.

Vanquished Creatures
  Maggie (D:6)
  Grinder (D:3)
  Sigmund (D:2)
  A yak (D:5)
  Edmund (D:4)
  A sky beast (D:3)
  An ogre (D:4)
  2 phantoms
  A jelly (D:6)
  3 orc priests
  A hound (D:5)
  A gnoll bouda (D:5)
  3 iguanas
  Terence (D:2)
  5 orc wizards
  A gnoll (D:5)
  6 adders
  A white imp (D:6)
  An ufetubus (D:5)
  2 dart slugs (D:1)
  21 orcs
  10 endoplasms
  A giant cockroach (D:1)
  8 goblins
  7 hobgoblins
  2 jackals (D:4)
  3 quokkas
  3 ball pythons
  4 bats
  5 frilled lizards
  12 kobolds
  5 rats
116 creatures vanquished.

Notes
Turn   | Place    | Note
-------+----------+-------------------------------------------
     0 | D:1      | wingedge the Demigod Ice Elementalist began the quest for
                  | the Orb.
     0 | D:1      | Reached XP level 1. HP: 14/14 MP: 5/5
    65 | D:1      | Reached skill level 1 in Fighting
   340 | D:1      | Reached XP level 2. HP: 19/23 MP: 7/7
  1258 | D:2      | Noticed Sigmund
  1270 | D:1      | Reached XP level 3. HP: 28/28 MP: 4/8
  1308 | D:1      | Learned a level 3 spell: Frozen Ramparts
  1378 | D:2      | Killed Sigmund
  1379 | D:2      | Reached skill level 5 in Ice Magic
  1379 | D:2      | Reached XP level 4. HP: 35/36 MP: 0/9
  1379 | D:2      | Reached XP level 5. HP: 40/41 MP: 0/10
  1642 | D:2      | Learned a level 3 spell: Ozocubu's Armour
  2262 | D:2      | Noticed Terence
  2270 | D:2      | Killed Terence
  2661 | D:3      | Reached skill level 1 in Throwing
  2670 | D:3      | Reached skill level 1 in Conjurations
  2685 | D:3      | Reached XP level 6. HP: 14/48 MP: 9/11
  2901 | D:3      | Learned a level 2 spell: Searing Ray
  3040 | D:3      | Noticed Grinder
  3053 | D:3      | Paralysed by Grinder for 3 turns
  3069 | D:3      | Paralysed by Grinder for 2 turns
  3082 | D:3      | Paralysed by Grinder for 5 turns
  3087 | D:3      | Killed Grinder
  3582 | D:3      | Reached XP level 7. HP: 55/55 MP: 3/14
  4288 | D:4      | Learned a level 4 spell: Hailstorm
  4369 | D:4      | Noticed Edmund
  4380 | D:4      | Killed Edmund
  4509 | D:4      | You fall into a shaft and drop 3 floors!
  4655 | D:6      | Found a staircase to the Ecumenical Temple.
  4657 | D:6      | Noticed Maggie
  4679 | D:6      | Killed Maggie
  4680 | D:6      | Reached skill level 1 in Armour
  4680 | D:6      | Reached skill level 5 in Conjurations
  4680 | D:6      | Reached XP level 8. HP: 33/63 MP: 0/17
  4921 | D:5      | Entered Level 5 of the Dungeon
  5042 | D:5      | Reached skill level 1 in Hexes
  5050 | D:5      | Killed by an exploding adder... ignited by their inner
                  | flame

Illustrated notes

Levels and vault maps discovered:
D:1:      eino_arrival_druids_welcome, layout_basic
D:2:      layout_basic, serial_corexii_hall, corexii_hall_statues_deadend,
          corexii_hall_statues_i, chequers_hall_statues_y,
          chequers_hall_statues_y, corexii_hall_statues_s,
          corexii_hall_statues_s, basic_ecumenical_altar, minivault_4,
          uniq_sigmund, uniq_terence
D:3:      layout_loops_ring, uniq_grinder
D:4:      layout_loops_ring, uniq_blork_the_orc, uniq_edmund
D:5:      minmay_spotlight, layout_cave_pools, kennysheep_little_box, uniq_pikel
D:6:      black_bear_nest_1, layout_basic, mainiacjoe_overflow_catwalk_spiral,
          minmay_temple_entry_junction, uniq_maggie
D:7:      layout_rooms, mainiacjoe_overflow_alcove_3

Skill      XL: |  1  2  3  4  5  6  7  8 |
---------------+-------------------------+-----
Fighting       | 1 2 3 |  3.0
Dodging        | 2 |  2.0
Ice Magic      | 4 5 6 |  6.0
Spellcasting   | 2 4 |  4.0
Throwing       | 1 |  1.0
Conjurations   | 1 4 5 6 |  6.4
Stealth        | 2 |  2.0
Armour         | 1 |  1.0
Hexes          | 1 |  1.0

Action                   |  1- 3 |  4- 6 |  7- 9 || total
-------------------------+-------+-------+-------++-------
Melee: Rapier            |    47 |    29 |       ||    76
       Punch             |     1 |       |     1 ||     2
       Whip              |       |    46 |       ||    46
       Short sword       |       |     2 |    35 ||    37
Throw: Javelin           |       |     4 |     3 ||     7
 Cast: Freeze            |    33 |     3 |       ||    36
       Frozen Ramparts   |     1 |     7 |    10 ||    18
       Ozocubu's Armour  |       |     2 |     4 ||     6
       Searing Ray       |       |    11 |    20 ||    31
       Hailstorm         |       |       |     1 ||     1
Evoke: Wand              |       |    14 |       ||    14
  Use: Potion            |       |     2 |       ||     2
       Scroll            |       |     3 |     3 ||     6
 Stab: Sleeping          |     1 |     1 |       ||     2
Armor: Leather armour    |     8 |       |       ||     8
       Robe              |     2 |       |       ||     2
       Ring mail         |    14 |    49 |     8 ||    71
       Swamp dragon scal |       |       |    30 ||    30
Dodge: Dodged            |    40 |    30 |    82 ||   152
